 Dungeon Crawl Stone Soup version 0.27-a0-1256-gced786f65e (webtiles) character file.

Game seed: 17014802664037209159

1548 siradein the Carver (level 8, -9/39 HPs)
             Began as a Vine Stalker Fighter on June 11, 2021.
             Was an Initiate of Makhleb.
             Splashed by an acid dragon's acid (15 damage)
             ... on level 5 of the Dungeon.
             The game lasted 00:21:18 (5672 turns).

siradein the Carver (Vine Stalker Fighter)          Turns: 5672, Time: 00:21:18

Health: -9/39      AC:  3    Str: 22    XL:     8   Next: 87%
Magic:  0/9        EV:  5    Int: 14    God:    Makhleb [......]
Gold:   232        SH: 14    Dex: 15    Spells: 7/7 levels left

rFire    . . .     SeeInvis .   x - +7 mace of Trauma {flame, rPois rC+ Str+2 Stlth-}
rCold    + . .     Faith    .   c - +0 kite shield
rNeg     . . .     Spirit   +   r - +0 chain mail
rPois    +         Reflect  +   v - +2 helmet
rElec    .         Harm     .   (no cloak)
rCorr    .         Rampage  .   (no gloves)
Will     ++...                  (no boots)
Stlth    ..........             l - amulet of reflection
HPRegen  1.13/turn              k - +6 ring of intelligence
MPRegen  0.11/turn              q - ring of willpower

@: corroded
A: fangs 3, regeneration 1, magic shield, antimagic bite, no potion heal 2
a: Renounce Religion


You were on level 5 of the Dungeon.
You worshipped Makhleb.
Makhleb was noncommittal.
You visited 2 branches of the dungeon, and saw 6 of its levels.

You collected 232 gold pieces.

Inventory:

Hand Weapons
 a - a +0 long sword
 x - the +7 mace of Trauma (weapon) {flame, rPois rC+ Str+2 Stlth-}
   (You found it on level 5 of the Dungeon)

   It has been specially enchanted to burn those struck by it, causing extra
   injury to most foes and up to half again as much damage against particularly
   susceptible opponents.
   It affects your strength (+2).
   It protects you from cold.
   It protects you from poison.
   It makes you less stealthy.
Missiles
 h - 97 stones (quivered)
 i - 52 poisoned darts
Armour
 c - a +0 kite shield (worn)
 r - a +0 chain mail (worn)
 v - a +2 helmet (worn)
Jewellery
 k - a +6 ring of intelligence (left hand)
 l - an amulet of reflection (around neck)
 q - a ring of willpower (right hand)
 w - a ring of protection from fire
Scrolls
 m - a scroll of immolation {unknown}
 n - a scroll of identify {unknown}
 o - a scroll of enchant weapon {unknown}
 s - a scroll of noise {unknown}
Potions
 b - 2 potions of mutation {unknown}
 d - a potion of might
 e - 2 potions of magic {unknown}
 f - a potion of curing {unknown}
 g - a potion of experience {unknown}
 j - 2 potions of invisibility {unknown}
 p - 3 potions of haste {unknown}
 t - a potion of brilliance {unknown}
 u - a potion of heal wounds {unknown}


   Skills:
 - Level 2.6 Fighting
 + Level 10.0 Long Blades
 - Level 2.4 Armour
 - Level 2.6 Shields


You had 7 spell levels left.
You didn't know any spells.
Your spell library contained the following spells:

 Spells                   Type           Power      Damage    Failure   Level
 Animate Skeleton         Necr           0%         N/A       100%        1
 Apportation              Tloc           0%         N/A       100%        1
 Corona                   Hex            0%         N/A       100%        1
 Summon Small Mammal      Summ           0%         N/A       100%        1
 Call Imp                 Summ           0%         N/A       100%        2
 Call Canine Familiar     Summ           0%         N/A       100%        3
 Summon Guardian Golem    Hex/Summ       0%         N/A       100%        3
 Summon Ice Beast         Ice/Summ       0%         N/A       100%        4
 Summon Lightning Spire   Summ/Air       0%         N/A       100%        4


Dungeon Overview and Level Annotations

Branches:
Dungeon (5/15)             Temple (1/1) D:5

Altars:
Ashenzari
Cheibriados
Dithmenos
Gozag
Hepliaklqana
Kikubaaqudgha
Makhleb
Nemelex Xobeh
Qazlal
Ru
Sif Muna
Trog
Uskayaw
Vehumet
Wu Jian
Xom
Zin
The Shining One


Innate Abilities, Weirdness & Mutations

You have razor-sharp teeth.
Your natural rate of healing is unusually fast.
When hurt, damage is shared between your health and your magic reserves.
Your bite disrupts and absorbs the magic of your enemies.
Potions cannot restore your health.


Message History

There is a burning altar of Makhleb here.
You kneel at the altar of Makhleb.
Makhleb welcomes you!
Unknown command.
Press < or > to pray at altars.
(D) Dungeon (T) Temple
Where to? (Enter - D:5, ? - help)
What level of the Dungeon? (default 5, ? - help)
There is an opulent altar of Gozag here.
There is a staircase back to the Dungeon here.
You climb upwards.
Welcome back to the Dungeon!
There is a staircase to the Ecumenical Temple here.
You now have 224 gold pieces (gained 6).
Found 8 silver boomerangs.
You see here 8 silver boomerangs.
You now have 232 gold pieces (gained 8).
An acid dragon comes into view.
The acid dragon roars!
The acid dragon spits acid at you.
The splash of acid hits you but does no damage.
The acid corrodes you!
You are splashed with acid!
An acid dragon is nearby!
An acid dragon is nearby!
An acid dragon is nearby!
You start resting.
An acid dragon is nearby!
The acid dragon bites you! You block the acid dragon's attack.
Your shield prevents you from hitting the acid dragon.
Your bite misses the acid dragon. The acid dragon spits acid at you.
The splash of acid hits you!! The acid corrodes you!
You are splashed with acid!
* * * LOW HITPOINT WARNING * * *
You block the acid dragon's attack. The acid dragon claws you.
* * * LOW HITPOINT WARNING * * *
The acid dragon spits acid at you. The splash of acid hits you!
* * * LOW HITPOINT WARNING * * *
You are splashed with acid!
You die...

####.#
##.#
...#.#
#.#
##.#.#
#.#
#.#.#
#.#
##.#.#
#.#
.....#
#.#
#..###
#.# #.##
#(# #.#
#@# #.#
#.# #.#
######.#
#.#
#....D.#
#.#
#.######
..# #.#
..# #.#
..# #.#
..# #.#


You could see an acid dragon (catching breath).

Vanquished Creatures
  Pikel (D:4)
  Grinder (D:3)
  Sigmund (D:2)
  An ogre (D:5)
  A centaur (D:4)
  A water moccasin skeleton (D:4)
  2 hounds
  A bullfrog skeleton (D:5)
  A centaur skeleton (D:5)
  2 jellies (D:2)
  Ijyb (D:3)
  An iguana (D:5)
  3 orc wizards
  Terence (D:3)
  A howler monkey zombie (D:5)
  Robin (D:4)
  8 adders
  An ufetubus (D:4)
  6 dart slugs
  7 orcs
  7 ball pythons
  3 bats
  10 endoplasms
  3 giant cockroaches (D:2)
  10 hobgoblins
  11 jackals
  5 quokkas
  3 frilled lizards
  16 goblins
  12 kobolds
  3 rats
125 creatures vanquished.

Vanquished Creatures (others)
  2 fungi (D:2)
  9 toadstools (D:2)
11 creatures vanquished.

Grand Total: 136 creatures vanquished

Notes
Turn   | Place    | Note
-------+----------+-------------------------------------------
     0 | D:1      | siradein the Vine Stalker Fighter began the quest for the
                  | Orb.
     0 | D:1      | Reached XP level 1. HP: 11/11 MP: 2/2
    31 | D:1      | Reached skill level 2 in Long Blades
   329 | D:1      | Reached XP level 2. HP: 1/16 MP: 0/3
   939 | D:1      | Reached skill level 3 in Long Blades
   995 | D:1      | Reached XP level 3. HP: 17/19 MP: 4/4
  1621 | D:2      | Noticed Sigmund
  1632 | D:2      | Killed Sigmund
  1633 | D:2      | Reached skill level 5 in Long Blades
  1633 | D:2      | Gained mutation: Your natural rate of healing is unusually
                  | fast. [Vine Stalker growth]
  1633 | D:2      | Reached XP level 4. HP: 17/23 MP: 5/5
  1633 | D:2      | Reached XP level 5. HP: 20/27 MP: 6/6
  2161 | D:2      | Reached XP level 6. HP: 32/32 MP: 7/7
  2460 | D:2      | Reached skill level 6 in Long Blades
  2755 | D:3      | Noticed Terence
  2774 | D:3      | Killed Terence
  2851 | D:3      | Found a glowing golden altar of the Shining One.
  3244 | D:3      | Noticed Grinder
  3263 | D:3      | Killed Grinder
  3264 | D:3      | Reached skill level 7 in Long Blades
  3264 | D:3      | Reached XP level 7. HP: 35/35 MP: 8/8
  3534 | D:3      | Found a faded altar of an unknown god.
  3773 | D:4      | Noticed Ijyb
  3903 | D:3      | Killed Ijyb
  4391 | D:4      | Reached skill level 8 in Long Blades
  4464 | D:4      | Noticed Robin
  4485 | D:4      | Killed Robin
  4777 | D:5      | Entered Level 5 of the Dungeon
  4777 | D:5      | Noticed Pikel
  4865 | D:4      | Killed Pikel
  4866 | D:4      | Reached skill level 9 in Long Blades
  4866 | D:4      | Gained mutation: You have razor-sharp teeth. [Vine Stalker
                  | growth]
  4866 | D:4      | Reached XP level 8. HP: 36/39 MP: 5/9
  4976 | D:5      | Identified the +7 mace of Trauma {flame, rPois rC+ Str+2
                  | Stlth-}
  5135 | D:5      | Found an ornate altar of the Wu Jian Council.
  5162 | D:5      | Reached skill level 10 in Long Blades
  5248 | D:5      | Found a staircase to the Ecumenical Temple.
  5260 | Temple   | Entered the Ecumenical Temple
  5575 | Temple   | Became a worshipper of Makhleb the Destroyer
  5672 | D:5      | Splashed by an acid dragon's acid

Illustrated notes

Levels and vault maps discovered:
D:1:      dpeg_arrival_solitude, layout_rooms, serial_corexii_hall,
          chequers_hall_statues_y, chequers_hall_statues_corner_a,
          chequers_hall_statues_corner_a, corexii_hall_statues_t,
          minmay_domino_4
D:2:      cheibrodos_fertilizer, layout_loops_corners, uniq_sigmund
D:3:      layout_loops_corners, tso_metal_star, basic_ecumenical_altar,
          amcnicky_mini_rare_corridor_liquid, uniq_terence, uniq_grinder
D:4:      layout_gridville, st_stairs_1, uniq_robin, uniq_ijyb
D:5:      layout_loops_ring, nicolae_wu_jian_wuxing_cycle,
          minmay_temple_entry_grid, minmay_manual_mandibuliform, uniq_pikel
Temple:   regret_index_temple_sphere_string

Skill      XL: |  1  2  3  4  5  6  7  8 |
---------------+-------------------------+-----
Long Blades    | 2 3 5 7 9 10 | 10.0
Fighting       | |  2.6
Armour         | |  2.4
Shields        | |  2.6

Action                   |  1- 3 |  4- 6 |  7- 9 || total
-------------------------+-------+-------+-------++-------
Melee: Long sword        |   106 |   114 |   149 ||   369
       Bite              |    33 |    45 |    54 ||   132
       Unarmed           |       |       |    11 ||    11
       Mace              |       |       |    26 ||    26
Throw: Stone             |    15 |     4 |       ||    19
       Dart              |       |     5 |       ||     5
Armor: Scale mail        |    54 |    19 |     3 ||    76
       Chain mail        |       |       |    87 ||    87
Dodge: Dodged            |    40 |    14 |    46 ||   100
Block: Kite shield       |    58 |    65 |   141 ||   264
       Reflection        |       |       |     6 ||     6
       Other             |       |       |     4 ||     4
       Rpst.: Long sword |     8 |     5 |     8 ||    21

Table legend: (Time is in decaauts)
 A = Elapsed time spent in this place.
 B = Non-inter-level travel time spent in this place.
 C = Inter-level travel time spent in this place.
 D = Time resting spent in this place.
 E = Time spent auto-exploring this place.
 F = Levels seen in this place.
 G = Mean time per level.
                   A        B        C        D        E       F      G
               +--------+--------+--------+--------+--------+-----+--------+
         Total |   5814 |   5667 |    147 |     53 |   4232 |   6 |  969.0 |
       Dungeon |   5477 |   5352 |    125 |     53 |   4085 |   5 | 1095.4 |
        Temple |    337 |    315 |     22 |      0 |    147 |   1 |  337.0 |
               +--------+--------+--------+--------+--------+-----+--------+

Top non-repeatable levels by time:
     D:1: 1450 daAuts
     D:2: 1386 daAuts
     D:4: 1162 daAuts
     D:3: 1054 daAuts
     D:5: 422 daAuts
  Temple: 337 daAuts
